Cogmind - Beta 13 @@@ ROGUE MODE // 2024.08.04 @ 14:31:05 Player: Faunarr Result: Destroyed by D-53 Grenadier with Mini Grenade Launcher Performance ------------- Evolutions (0) 0 Regions Visited (4) 800 Robots Destroyed (19) 95 Value Destroyed (287) 287 Prototype IDs (0) 0 Alien Tech Used (0) 0 Bonus (300) 300 TOTAL SCORE: 1482 Bonus ------- Aligned with FarCom 300 Cogmind --------- Core Integrity 0/250 Matter 274/300 Energy 100/100 System Corruption 0% Temperature Cool (0) Movement Treading (240) Ox1 Location -9/Mines Parts ------- > --- POWER (1) -------- (None) > --- PROPULSION (2) --- Light Treads Wheel > --- UTILITY (2) ------ Large Storage Unit Seismic Detector > --- WEAPON (2) ------- Assault Rifle > --- INVENTORY (15) --- Light Ion Engine Light Ion Engine Light Treads Wheel Wheel High-capacity Matter Pod (200) Signal Interpreter Propulsion Shielding Light Armor Plating XL Autogun Array Grenade Launcher Datajack Peak State ------------ > --- POWER ------------ Improved Ion Engine > --- PROPULSION ------- Light Treads Wheel > --- UTILITY ---------- Large Storage Unit Seismic Detector > --- WEAPON ----------- Assault Rifle Heavy Assault Rifle > --- INVENTORY -------- Light Ion Engine Light Ion Engine Light Treads Wheel Wheel Medium Matter Pod Signal Interpreter Propulsion Shielding Light Armor Plating XL Autogun Array Grenade Launcher Datajack [Rating: 13] Favorites ----------- Power Improved Ion Engine Engine Improved Ion Engine Propulsion Light Treads Treads Light Treads Wheel Compact Wheel Utility Seismic Detector Device Seismic Detector Storage Large Storage Unit Weapon Assault Rifle Energy Gun Small Laser Ballistic Gun Assault Rifle Build | -11 -10 -10 -10 -9 ------- Run | Yrd Mat Min Exi Min Slots Evolved . | . . . . . Power . | . . . . . Propulsion . | . . . . . Utility . | . . . . . Weapon . | . . . . . Parts Attached 17 | 8 2 7 . . Power 3 | 1 1 1 . . Engine 3 | 1 1 1 . . Core . | . . . . . Reactor . | . . . . . Propulsion 4 | 2 . 2 . . Treads 2 | 1 . 1 . . Leg . | . . . . . Wheel 2 | 1 . 1 . . Hover . | . . . . . Flight . | . . . . . Utility 4 | 2 1 1 . . Device 2 | 1 . 1 . . Storage 2 | 1 1 . . . Processor . | . . . . . Hackware . | . . . . . Protection . | . . . . . Artifact . | . . . . . Weapon 6 | 3 . 3 . . Energy Gun 3 | 2 . 1 . . Energy Cannon . | . . . . . Ballistic Gun 3 | 1 . 2 . . Ballistic Cannon . | . . . . . Launcher . | . . . . . Special Weapon . | . . . . . Impact Weapon . | . . . . . Slashing Weapon . | . . . . . Piercing Weapon . | . . . . . Special Melee Weapon . | . . . . . Unidentified Prototypes . | . . . . . Parts Lost 4 | . . 2 . 2 Power 2 | . . 1 . 1 Propulsion . | . . . . . Utility . | . . . . . Weapon 2 | . . 1 . 1 Highest Loss Streak 2 | . . 2 . 2 To Critical Strikes . | . . . . . Average Slot Usage (%) 99 | . 100 99 100 98 Engine 13 | . 14 13 14 14 Treads 14 | . 14 14 14 14 Wheel 14 | . 14 14 14 14 Device 14 | . 14 14 14 14 Storage 14 | . 14 14 14 14 Energy Gun 4 | . 14 3 . . Ballistic Gun 23 | . 14 24 28 26 Naked Turns . | . . . . . Heaviest Build 33 | 12 29 33 33 33 Greatest Support 20 | 20 16 20 10 10 Greatest Overweight (x) 3 | . 1 3 3 3 Average Overweight (x) 1 | . . 1 3 3 Largest Inventory Capacity 15 | 8 15 15 15 15 Average Capacity 14 | 7 14 15 15 15 Most Carried 15 | 4 9 15 15 15 Average Carried 12 | 2 7 13 14 15 Final Capacity 15 | 8 15 15 15 15 Final Carried 15 | 4 9 15 15 15 Class Distribution -------------------- 65% | Mutant 34% | Scavenger-Mutant Dominant Class ---------------- Mutant | -10/Materials Mutant | -10/Mines Scavenger-Mutant | -10/Exiles Scavenger-Mutant | -9/Mines Resources | -11 -10 -10 -10 -9 ----------- Run | Yrd Mat Min Exi Min Matter Collected 586 | 295 149 136 . 6 Remotely . | . . . . . Salvage Created 502 | 83 188 203 . 28 Parts 39 | 5 14 14 . 6 Haulers Intercepted . | . . . . . Recyclers Shooed . | . . . . . Parts Field Recycled . | . . . . . Retrieved Matter . | . . . . . Parts Self-Destructed . | . . . . . Prevented . | . . . . . Kills | -11 -10 -10 -10 -9 ------- Run | Yrd Mat Min Exi Min Combat Hostiles Destroyed 11 | . 9 2 . . Guns 11 | . 9 2 . . Classes Destroyed 7 | 2 2 2 . 1 Worker 3 | . . 2 . 1 Builder 1 | . . . . 1 Tunneler 3 | 1 . 2 . . Recycler 1 | 1 . . . . Swarmer 6 | . 6 . . . Grunt 3 | . 3 . . . Sentry 2 | . . 2 . . Best Kill Streak 3 | 1 3 2 . 2 Combat Bots Only 3 | . 3 2 . . Max Kills in Single Turn 1 | 1 1 1 . 1 Gunslinging . | . . . . . Exploded . | . . . . . Melee . | . . . . . Uniques/NPCs Destroyed . | . . . . . Combat | -11 -10 -10 -10 -9 -------- Run | Yrd Mat Min Exi Min Hostile Shots Fired 76 | . 49 16 . 11 Missed 16 | . 12 4 . . Damage Taken 992 | . 344 176 . 472 Core 251 | . 101 43 . 107 Absorbed by Shields . | . . . . . Core Remaining (%) 100 | 100 . . . . Volleys Fired 49 | 5 23 12 . 9 Largest 2 | 2 2 2 . 2 Hottest 80 | 60 60 80 . 43 Shots Fired 94 | 10 46 24 . 14 Gun 94 | 10 46 24 . 14 Cannon . | . . . . . Launcher . | . . . . . Special . | . . . . . Kinetic 54 | 5 23 12 . 14 Thermal 40 | 5 23 12 . . Explosive . | . . . . . Electromagnetic . | . . . . . Robot Hit Streak 10 | 3 6 10 . 6 Robot Miss Streak 4 | 4 3 1 . 1 Penetration Max . | . . . . . Secondary Targets . | . . . . . Shots Hit Robots 57 | 5 25 17 . 10 Core Hits 26 | 3 12 8 . 3 Critical Kills . | . . . . . Critical Parts Destroyed . | . . . . . Critical Strikes . | . . . . . Melee Attacks . | . . . . . Impact . | . . . . . Slashing . | . . . . . Piercing . | . . . . . Sneak Attacks . | . . . . . Combat Hostiles . | . . . . . Follow-up Attacks . | . . . . . Damage Inflicted 688 | 68 297 200 . 123 Guns 688 | 68 297 200 . 123 Cannons . | . . . . . Explosions . | . . . . . Melee . | . . . . . Ramming . | . . . . . Kinetic 416 | 47 143 103 . 123 Thermal 272 | 21 154 97 . . Explosive . | . . . . . Electromagnetic . | . . . . . Impact . | . . . . . Slashing . | . . . . . Piercing . | . . . . . Highest Corruption . | . . . . . Average Corruption . | . . . . . Corruption Purged . | . . . . . Corruption Blocked . | . . . . . Overload Shots . | . . . . . Overflow Damage . | . . . . . Projectiles . | . . . . . Explosions . | . . . . . Melee . | . . . . . Knockbacks . | . . . . . Impact . | . . . . . Kinetic . | . . . . . Secondary . | . . . . . Self-Inflicted Damage . | . . . . . Shots . | . . . . . Rammed . | . . . . . Targets Rammed . | . . . . . Kicked . | . . . . . Crushed . | . . . . . Highest Temperature 46 | . 42 46 . . Average Temperature 25 | . 20 34 . . Received Heat Transfer 150 | . 96 54 . . Siege Activations . | . . . . . Robots Corrupted . | . . . . . Combat Hostiles . | . . . . . Parts Fried . | . . . . . Impact Corruptions . | . . . . . Robots Melted . | . . . . . Combat Hostiles . | . . . . . Parts Melted 2 | . 1 1 . . Heat Transferred 625 | 50 350 225 . . Parts Sabotaged . | . . . . . Parts Stolen . | . . . . . Parts Stripped . | . . . . . Power Chain Reactions . | . . . . . Alert | -11 -10 -10 -10 -9 ------- Run | Yrd Mat Min Exi Min Peak Influence 252 | 10 252 158 . 15 Initial 97 | . 6 97 . . Average 56 | 4 93 51 . 6 Maximum Alert Level 1 | . 1 . . . Low Security (%) 94 | 100 75 100 . 100 Level 1 5 | . 24 . . . Level 2 . | . . . . . Level 3 . | . . . . . Level 4 . | . . . . . Level 5 . | . . . . . High Security . | . . . . . Max Security . | . . . . . Squads Dispatched 1 | . 1 . . . Investigation . | . . . . . Extermination . | . . . . . Reinforcement 1 | . 1 . . . Assault . | . . . . . Garrison . | . . . . . Intercept . | . . . . . Searches Triggered . | . . . . . Construction Impeded . | . . . . . Haulers Reinforced . | . . . . . Active Scanning Responses . | . . . . . Cargo Convoy Interrupts . | . . . . . Stealth | -11 -10 -10 -10 -9 --------- Run | Yrd Mat Min Exi Min Distress Signals . | . . . . . Communications Jammed . | . . . . . Distress Signals . | . . . . . Times Spotted 18 | . 14 2 . 2 Peak Tracking Total 5 | . 3 5 . 2 Tactical Retreats 4 | . 3 1 . . Traps | -11 -10 -10 -10 -9 ------- Run | Yrd Mat Min Exi Min Traps Triggered . | . . . . . Indirectly . | . . . . . Trap Hack Attempts . | . . . . . Triggered . | . . . . . Disarmed . | . . . . . Reprogrammed . | . . . . . Reused . | . . . . . Traps Extracted . | . . . . . Installed . | . . . . . Triggered . | . . . . . Machines | -11 -10 -10 -10 -9 ---------- Run | Yrd Mat Min Exi Min Machines Disabled . | . . . . . Max in Single Turn . | . . . . . Machines Repaired . | . . . . . Machines Dismantled . | . . . . . Machines Sabotaged . | . . . . . Overloaded Fab Kills . | . . . . . Hacking | -11 -10 -10 -10 -9 --------- Run | Yrd Mat Min Exi Min Machines Accessed 7 | . 3 . 3 1 Terminals 4 | . 3 . . 1 Fabricators . | . . . . . Repair Stations . | . . . . . Recycling Units . | . . . . . Scanalyzers . | . . . . . Garrison Access . | . . . . . Total Hacks 19 | . 7 . 10 2 Successful 17 | . 6 . 10 1 Failed 2 | . 1 . . 1 Catastrophic . | . . . . . Database Lockouts . | . . . . . Manual 9 | . 6 . 1 2 Terminals 9 | . 7 . . 2 Fabricators . | . . . . . Repair Stations . | . . . . . Recycling Units . | . . . . . Scanalyzers . | . . . . . Garrison Access . | . . . . . Terminal Hacks 11 | . 1 . 10 . Record 11 | . 1 . 10 . Fabricator Hacks . | . . . . . Repair Station Hacks . | . . . . . Recycling Unit Hacks . | . . . . . Scanalyzer . | . . . . . Garrison Access Hacks . | . . . . . Unauthorized Hacks 6 | . 5 . . 1 Terminals 6 | . 5 . . 1 Track 1 | . 1 . . . Botnet 4 | . 3 . . 1 Operators 1 | . 1 . . . Fabricators . | . . . . . Repair Stations . | . . . . . Recycling Units . | . . . . . Scanalyzers . | . . . . . Garrison Access . | . . . . . Data Cores Recovered . | . . . . . Used . | . . . . . Hacking Detections 4 | . 3 . . 1 Full Trace Events . | . . . . . Feedback Events . | . . . . . Feedback Blocked . | . . . . . Robot Schematics Acquired . | . . . . . Robots Built . | . . . . . Authchips . | . . . . . Time . | . . . . . Total Robot Build Rating . | . . . . . Part Schematics Acquired . | . . . . . Parts Built . | . . . . . Authchips . | . . . . . Time . | . . . . . Total Part Build Rating . | . . . . . Parts Repaired . | . . . . . Time . | . . . . . Parts Recycled . | . . . . . Recycled Matter . | . . . . . Retrieved Matter . | . . . . . Retrieved Components . | . . . . . Parts Scanalyzed . | . . . . . Part Schematics Acquired . | . . . . . Parts Damaged . | . . . . . Bothacking | -11 -10 -10 -10 -9 ------------ Run | Yrd Mat Min Exi Min Used RIF Installer . | . . . . . Robots Hacked . | . . . . . Non-combat . | . . . . . Combat . | . . . . . Robot Hacks Applied . | . . . . . Relay Couplers Released . | . . . . . Fabnet Peak Effective % . | . . . . . Robots Rewired . | . . . . . Allies Hacked . | . . . . . Hacks Repelled . | . . . . . Allies | -11 -10 -10 -10 -9 -------- Run | Yrd Mat Min Exi Min Total Allies . | . . . . . Largest Group . | . . . . . Highest-Rated Group . | . . . . . Highest-Rated Ally . | . . . . . Total Orders . | . . . . . Ally Attacks . | . . . . . Total Damage . | . . . . . Kills . | . . . . . Allies Corrupted . | . . . . . Allies Melted . | . . . . . Intel | -11 -10 -10 -10 -9 ------- Run | Yrd Mat Min Exi Min Robot Analysis Total . | . . . . . Derelict Logs Recovered 1 | . . 1 . . Drone Launches . | . . . . . Drone Recoveries . | . . . . . Exploration | -11 -10 -10 -10 -9 ------------- Run | Yrd Mat Min Exi Min Turns Passed 2073 | 77 356 1035 529 76 Spaces Moved 1354 | 45 219 628 419 43 Core 1 | 1 . . . . Treads 178 | 4 . 174 . . Legs . | . . . . . Wheels 1175 | 40 219 454 419 43 Hover . | . . . . . Flight . | . . . . . Fastest Speed 50 | 50 100 115 125 125 Average Speed 136 | 104 112 155 125 125 Slowest Speed 240 | 160 115 240 125 125 Overloaded Moves . | . . . . . Propulsion Burnouts . | . . . . . Robots Hopped . | . . . . . Cave-ins Triggered . | . . . . . Exploration Rate (%) 43 | 4 37 79 88 8 Regions Visited 4 Branch Regions 3 Pre-discovered Areas 2 | . . 2 . . Known Exits Taken . | . . . . . Unknown Exits Taken 4 | 1 1 1 1 . Scrap Searched 2 | . . 2 . . Spaces Dug . | . . . . . Terrain Destroyed . | . . . . . Melee . | . . . . . Projectile . | . . . . . AOE . | . . . . . Terrain Rammed . | . . . . . Walls Destroyed . | . . . . . Machines Disabled . | . . . . . Actions | -11 -10 -10 -10 -9 --------- Run | Yrd Mat Min Exi Min Total 1481 | 61 281 660 427 52 Wait 37 | . 35 2 . . Move 1350 | 44 218 627 418 43 Hop . | . . . . . Pick Up 17 | 4 3 7 3 . Fast Attach 9 | 7 . 2 . . Attach 1 | . . 1 . . Detach 1 | . . 1 . . Swap 7 | 1 2 4 . . Drop 10 | . . 4 6 . Fire 49 | 5 23 12 . 9 Melee . | . . . . . Ram . | . . . . . Kick . | . . . . . Crush . | . . . . . Escape Stasis . | . . . . . Rewire . | . . . . . Trap . | . . . . . Miscellaneous . | . . . . . Route ------- -11/Scrapyard -10/Materials -10/Mines (discovered 2 exits: *Exi / [*Sub]) -10/Exiles (discovered 2 exits: *Min x2) -9/Mines History --------- Turn | Location | Event 24 | -11/Scrapyard | Discovered new exit (range 16) 78 | -11/Scrapyard | Entered Materials 228 | -10/Materials | Discovered new exit (range 11) 306 | -10/Materials | Build established: Mutant 434 | -10/Materials | Entered Mines 624 | -10/Mines | Core integrity fell below 50% 789 | -10/Mines | Discovered new exit (range 6) 932 | -10/Mines | YI-UF0 nonchalantly dropped a Grenade Launcher on the ground 1128 | -10/Mines | Learned location of Storage (-9) 1462 | -10/Mines | Deemed a non-threat by the Exiles lab entrance 1464 | -10/Mines | Discovered new exit (range 5) 1469 | -10/Mines | Entered Exiles 1494 | -10/Exiles | Discovered new exit (range 14) 1509 | -10/Exiles | Met 8R-AWN 1531 | -10/Exiles | Met EX-HEX 1567 | -10/Exiles | Met EX-BIN 1592 | -10/Exiles | Aligned with FarCom system 1593 | -10/Exiles | Given EX-Vault access code 1644 | -10/Exiles | Build established: Scavenger-Mutant 1658 | -10/Exiles | Opened EX-Vault 1671 | -10/Exiles | Found Prototype Ballistic Gun 1698 | -10/Exiles | Warned to stay clear of 0b10 Research branches 1735 | -10/Exiles | Met EX-DEC 1776 | -10/Exiles | Visited The Gauntlet 1988 | -10/Exiles | Discovered new exit (range 10) 1998 | -10/Exiles | Left Exiles lab with XL Autogun Array 1998 | -10/Exiles | Entered Mines 2038 | -9/Mines | Assembled infested the area 2043 | -9/Mines | Assisted by a Guerilla fighting off Assembled 2071 | -9/Mines | Core integrity fell below 20% 2074 | -9/Mines | Destroyed by D-53 Grenadier with Mini Grenade Launcher Last Messages --------------- coming from, and they're closing on this area, come on!" 02046_ K-01 Serf destroyed. 02047_ Extracted 4 matter. 02049_ Acquired 2 matter. 02055_ U-05 Engineer destroyed. 02057_ C-30 ARC bursts open, deploying its payload. 02057_ D-53 Grenadier unfolds itself. 02062_ K-01 Serf collects debris. 02063_ The unstable cave ceiling collapses. 02066_ Hvy. Assault Rifle destroyed. 02066_ D-53 Grenadier destroyed. 02066_ T-07 Excavator destroyed. 02066_ K-01 Serf collects debris. 02070_ The unstable cave ceiling collapses. 02070_ K-01 Serf collects debris. 02072_ The unstable cave ceiling collapses. 02072_ Imp. Ion Engine destroyed. 02074_ The unstable cave ceiling collapses. Map ----- +----------------------------------------------------+ | ???????????????????????????????????????? | | ???????????????????????????????????????? | | ???????????????????????????????????????? | | ???????????????????????????????????????? | | ???????????????????????????????????????? | | ???????????????????????????????????????? | | ???????????????????????????????????????? | | ???????????????????????????????????????? | | ???????????????????????????????????????? | | ???????????????????????????????????????? | | ???????????????????????????????????????? | | ???????????????????????????????????????? | | ???????????????????????????????????????? | | ???????????????????????????????????????? | | ??????????????????????#####????????????? | | ??????????????????????? #????????????? | | ????????????????????????# #????????????? | | ????????????????????????# #????????????? | | ????????????????????????# #????????????? | | ????????????????????????# #### """ #???? | | ??????????????????????### """ #???? | | ?????????????????????## ## #???? | | ????????????????????## #?????????? | | ????????????????????# ##????????? | | ????????????????????# # #????????? | | ????????????????????# @ ##???????? | | ????????????????????# d T#######?? | | ????????????????????# #?? | | ????????????????????## """ #?? | | ?????????????????????## = # """ #?? | | ??????????????????????###k### """ #?? | | ????????????????????????#|#?# #?? | | ????????????????????????#!### #?? | | ????????????????????????#!t #?? | | ????????????????????????##### #?? | | ????????????????????????????# #?? | | ????????????????????????????# #?? | | ????????????????????????????## ######?? | | ?????????????????????????????# #??????? | | ?????????????????????????????# #??????? | | ?????????????????????????????# #??????? | | ?????????????????????????????# #??????? | | ?????????????????????????????# #??????? | | ?????????????????????????????# #??????? | | ?????????????????????????????# #??????? | | ????????????????????????????? #??????? | | ????????????????????????????? #??????? | | ?????????????????????????????## #??????? | | ??????????????????????????????? ???????? | | ???????????????????????????????????????? | +----------------------------------------------------+ Best States ------------- Heat Dissipation 25 Energy Generation 12 Energy Capacity 265 Matter Stores 300 Matter Capacity 300 Sight Range 16 Terrain Scan Density 10 Evasion (%) 40 Recoil Reduction 1 Item Schematics ----------------- None Robot Schematics ------------------ None Fabricated ------------ Nothing Alien Tech Used ----------------- None Achievements -------------- None Challenges ------------ None Game ------ Seed HoverPrecisionBroadsword Manual? 0 Play Time 00:13:30 Cumulative 33.0 hours Start 2024.08.04 @ 14:15:06 End 2024.08.04 @ 14:31:05 Sessions 1 Manual Loads 0 Difficulty Rogue Special Mode None Game No. 60 Rogue 60 Adventurer 0 Explorer 0 Win Type - Total 0 Types 0/0/0/0/0/0/0/0/0 Lore% 22 Gallery% 36 Achievement% 30 Wizard Run 0 Options --------- Layout 1 ASCII 0 Keyboard 0 Movement Vi Keybinds 0 Fullscreen 2 Font 24/Smallcaps Map View 50x35 Zoom Use 0% Tactical HUD 1 Map Filters NONE Filters NONE Steam 1 RUN: d29efd8d-5d0b-4ea0-8235-7ee103daec29